 Dungeon Crawl Stone Soup version 0.26-a0-854-gdc81c2f471 (webtiles) character file.

Game seed: 89723031085792354

723 Descartes the Shield-Bearer (level 7, 0/38 HPs)
             Began as a Vine Stalker Fighter on Nov 23, 2020.
             Splashed by Pikel's acid (9 damage)
             ... on level 4 of the Dungeon.
             The game lasted 00:07:30 (2697 turns).

Descartes the Shield-Bearer (Vine Stalker Fighter)  Turns: 2697, Time: 00:07:30

Health: 0/38       AC:  9    Str: 21    XL:     7   Next: 71%
Magic:  0/8        EV:  4    Int:  8    God:
Gold:   168        SH: 10    Dex: 13    Spells: 6/6 levels left

rFire    . . .     SeeInvis .   a - +0 long sword
rCold    + . .     Faith    .   c - +0 kite shield
rNeg     . . .     Spirit   +   u - +0 plate armour
rPois    .         Reflect  .   s - +0 helmet
rElec    .         Harm     +   i - scarf {harm}
rCorr    .         Rampage  .   (no gloves)
MR       .....                  (no boots)
Stlth    ..........             (no amulet)
HPRegen  0.52/turn              o - ring of stealth
MPRegen  0.11/turn              t - ring of protection from cold

@: corroded
A: fangs 2, regeneration 1, magic shield, antimagic bite, no potion heal 3, rot
immunity
a: no special abilities


You were on level 4 of the Dungeon.
You visited 1 branch of the dungeon, and saw 4 of its levels.

You collected 168 gold pieces.

Inventory:

Hand Weapons
 a - a +0 long sword (weapon)
 v - a +1 flail of holy wrath
Armour
 c - a +0 kite shield (worn)
 i - a scarf of harm (worn)
 s - a +0 helmet (worn)
 u - a +0 plate armour (worn)
Jewellery
 o - a ring of stealth (left hand)
 t - a ring of protection from cold (right hand)
Wands
 b - a wand of flame (11)
Scrolls
 f - 4 scrolls of magic mapping
 j - a scroll of amnesia
 k - 3 scrolls of identify {unknown}
 l - 2 scrolls of teleportation
 m - a scroll of fog {unknown}
 p - a scroll of fear {unknown}
 w - a scroll of blinking {unknown}
Potions
 d - 3 potions of might
 e - a potion of mutation {unknown}
 g - a potion of ambrosia {unknown}
 h - a potion of lignification {unknown}
 n - a potion of degeneration {unknown}
 q - 3 potions of curing {unknown}
 r - a potion of resistance {unknown}
 x - a potion of flight {unknown}


   Skills:
 + Level 4.6 Fighting
 + Level 4.0 Long Blades
 + Level 4.2 Armour
 + Level 4.6 Shields


You had 6 spell levels left.
You didn't know any spells.
Your spell library was empty.

Dungeon Overview and Level Annotations

Branches:
Dungeon (4/15)
 Temple: D:4-7

Altars:
Dithmenos
Fedhas

Shops:
D:4 (

Annotations:
D:4 Pikel


Innate Abilities, Weirdness & Mutations

You have extremely sharp teeth.
Your natural rate of healing is unusually fast.
When hurt, damage is shared between your health and your magic reserves.
Your bite disrupts and absorbs the magic of your enemies.
Potions cannot restore your health.
You are immune to rotting.


Message History

Pikel the Slaver comes into view.
He is wielding a +1 whip of electrocution and carrying a wand of acid (4).
Pikel shouts!
The lemure shouts!
You hear a shout!
A lemure comes into view.
Pikel says, "You'll make a fine lemure."
You block Pikel's attack.
A lemure comes into view.
You closely miss Pikel.
The lemure shouts!
Pikel barely misses you.
You closely miss Pikel. You bite Pikel, but do no damage.
Pikel zaps a wand.
The bolt of acid hits you! The acid corrodes you!
You are splashed with acid!
The lemure hits you. Pikel closely misses you.
You riposte.
Your shield and plate armour prevent you from hitting Pikel.
Your bite misses Pikel. You hit Pikel. Your bite misses Pikel.
Pikel is lightly wounded.
The lemure hits you.
Pikel zaps a wand.
The bolt of acid hits you!
* * * LOW HITPOINT WARNING * * *
You are splashed with acid!
You die...

.......... #.# #......
.#.......###>###......
.........##....#......
.......[[..#.........
........####.##...... #.#. ##
#####.#.# #..#...... ...#..
#...#####........
#....########.<...##..######
##......#..K@..###.##...(#
#........5.55..# #.#..##..#
#............)..##....###.#
#####.>.............##.....# .#
#................?..##.###.##.#
.#.................... #..#.###
###.................## ##.#....
≈≈#..(..<..........## #.#....
≈≈≈............. #......


You could see Pikel and 3 lemures.

Vanquished Creatures
  Sigmund (D:3)
  A lemure (D:3)
  A centaur (D:4)
  An orc priest (D:4)
  An iguana (D:4)
  Terence (D:3)
  2 orc wizards (D:4)
  3 worker ants
  Robin (D:3)
  6 gnolls
  12 adders
  An adder skeleton (D:4)
  5 worms
  2 dart slugs
  4 leopard geckos
  3 orcs (D:4)
  11 bats
  3 giant cockroaches
  8 goblins
  11 hobgoblins
  5 jackals
  A quokka (D:2)
  A ball python (D:2)
  7 frilled lizards
  6 kobolds
  6 rats
104 creatures vanquished.

Vanquished Creatures (others)
  2 fungi (D:2)
  A plant (D:2)
3 creatures vanquished.

Grand Total: 107 creatures vanquished

Notes
Turn   | Place    | Note
-------+----------+-------------------------------------------
     0 | D:1      | Descartes the Vine Stalker Fighter began the quest for the
                  | Orb.
     0 | D:1      | Reached XP level 1. HP: 11/11 MP: 2/2
    29 | D:1      | Reached XP level 2. HP: 14/16 MP: 1/3
   325 | D:1      | Reached XP level 3. HP: 17/19 MP: 4/4
  1026 | D:2      | Gained mutation: Your natural rate of healing is unusually
                  | fast. [Vine Stalker growth]
  1026 | D:2      | Reached XP level 4. HP: 24/24 MP: 5/5
  1360 | D:2      | Found a blossoming altar of Fedhas.
  1381 | D:2      | Reached XP level 5. HP: 22/28 MP: 4/6
  1605 | D:3      | Found a shadowy altar of Dithmenos.
  1700 | D:3      | Noticed Robin
  1719 | D:3      | Killed Robin
  1933 | D:3      | Noticed Sigmund
  1949 | D:3      | HP: 1/29 [Sigmund/+0 scythe (6)]
  1951 | D:3      | Killed Sigmund
  1952 | D:3      | Reached XP level 6. HP: 2/33 MP: 0/7
  2084 | D:3      | Noticed Terence
  2096 | D:3      | Killed Terence
  2382 | D:4      | Reached XP level 7. HP: 34/37 MP: 8/8
  2390 | D:4      | Found Petifo Ogu's Weapon Emporium.
  2616 | D:4      | HP: 1/38 [orc priest/divine providence (8)]
  2692 | D:4      | Noticed Pikel
  2697 | D:4      | Splashed by Pikel's acid

Illustrated notes

Levels and vault maps discovered:
D:1:      minmay_arrival_three_doors, layout_basic, minmay_liquid_box
D:2:      layout_basic, fountainhead, fedhas_altar_3
D:3:      layout_loops_ring, nicolae_dithmenos_through_a_glass_darkly,
          uniq_sigmund, uniq_robin, uniq_terence
D:4:      layout_rooms, serial_shops, nicolae_shop_waterfront, hex_large,
          uniq_pikel

Skill      XL: |  1  2  3  4  5  6  7 |
---------------+----------------------+-----
Long Blades    | 2 3 4 |  4.0
Shields        | 3 4 |  4.6
Fighting       | 3 4 |  4.6
Armour         | 3 4 |  4.2

Action                   |  1- 3 |  4- 6 |  7- 9 || total
-------------------------+-------+-------+-------++-------
Melee: Long sword        |    72 |   194 |    88 ||   354
       Bite              |    21 |    69 |    30 ||   120
  Use: Scroll            |       |     4 |       ||     4
Armor: Scale mail        |    36 |    71 |       ||   107
       Plate armour      |       |     6 |    39 ||    45
Dodge: Dodged            |    24 |    55 |    10 ||    89
Block: Kite shield       |    32 |   101 |    46 ||   179
       Rpst.: Long sword |     8 |    15 |     4 ||    27

Table legend: (Time is in decaauts)
 A = Elapsed time spent in this place.
 B = Non-inter-level travel time spent in this place.
 C = Inter-level travel time spent in this place.
 D = Time resting spent in this place.
 E = Time spent auto-exploring this place.
 F = Levels seen in this place.
 G = Mean time per level.
                   A        B        C        D        E       F      G
               +--------+--------+--------+--------+--------+-----+--------+
         Total |   2816 |   2742 |     74 |      0 |   1908 |   4 |  704.0 |
       Dungeon |   2816 |   2742 |     74 |      0 |   1908 |   4 |  704.0 |
               +--------+--------+--------+--------+--------+-----+--------+

Top non-repeatable levels by time:
     D:1: 962 daAuts
     D:3: 870 daAuts
     D:2: 694 daAuts
     D:4: 288 daAuts
